 Dungeon Crawl Stone Soup version 0.28.0-43-g3370ac3207 (webtiles) character file.

Game seed: 17778654521186364744

295 Atelerd the Digger (level 6, -11/36 HPs)
             Began as an Octopode Earth Elementalist on Mar 19, 2022.
             Was an Initiate of Sif Muna.
             Mangled by Terence
             ... wielding a +4 hand axe of electrocution
              (15 damage)
             ... on level 3 of the Dungeon.
             The game lasted 00:04:46 (4485 turns).

Atelerd the Digger (Octopode Earth Elementalist)    Turns: 4485, Time: 00:04:46

Health: -11/36     AC:  1    Str:  8    XL:     6   Next: 34%
Magic:  9/11       EV: 13    Int: 19    God:    Sif Muna [......]
Gold:   107        SH:  0    Dex: 12    Spells: 4/12 levels left

rFire   . . .      SeeInvis .   e - +0 dagger
rCold   . . .      Faith    .   b - orb {mayhem}
rNeg    . . .      Spirit   .   (helmet restricted)
rPois   .          Reflect  .   (no amulet)
rElec   .          Harm     .   (no ring)
rCorr   .          Rampage  .   (no ring)
Will    .....                   (no ring)
Stlth   +++.......              (no ring)
HPRegen 0.12/turn               (no ring)
MPRegen 0.12/turn               (no ring)
                                (no ring)
                                (no ring)

@: no status effects
A: almost no armour, amphibious, 8 rings, camouflage 1, gelatinous body 1,
(nimble swimmer 1), tentacles
a: Renounce Religion


You were on level 3 of the Dungeon.
You worshipped Sif Muna.
Sif Muna was noncommittal.
You visited 2 branches of the dungeon, and saw 5 of its levels.

You collected 107 gold pieces.

Inventory:

Hand Weapons
 e - a +0 dagger (weapon)
Missiles
 j - 19 stones
Armour
 b - an orb of mayhem (worn)
Scrolls
 a - a scroll of enchant weapon {unknown}
 c - 2 scrolls of identify {unknown}
 d - a scroll of immolation {unknown}
 g - a scroll of magic mapping {unknown}
 h - 2 scrolls of vulnerability {unknown}
 m - a scroll of noise {unknown}
Potions
 f - a potion of berserk rage {unknown}
 i - a potion of mutation {unknown}
 k - 2 potions of curing {unknown}
 l - a potion of attraction {unknown}


   Skills:
 - Level 2.0 Dodging
 * Level 3.8 Stealth
 + Level 3.7 Spellcasting
 - Level 3.0 Transmutations
 + Level 4.7 Earth Magic


You had 4 spell levels left.
You knew the following spells:

 Your Spells              Type           Power      Damage    Failure   Level
a - Sandblast             Erth           42%        2d11      1%          1
b - Stone Arrow           Conj/Erth      24%        3d8       16%         3
p - Petrify               Tmut/Erth      18%        N/A       28%         4

Your spell library contained the following spells:

 Spells                   Type           Power      Damage    Failure   Level
 Passwall                 Tmut/Erth      15%        N/A       4%          2
 Wereblood                Tmut           14%        N/A       6%          2
 Sublimation of Blood     Necr           3%         N/A       22%         2
 Animate Dead             Necr           1%         N/A       80%         4
 Borgnjor's Vile Clutch   Necr/Erth      6%         N/A       83%         5
 Death Channel            Necr           1%         N/A       100%        6
 Summon Hydra             Summ           1%         N/A       100%        7


Dungeon Overview and Level Annotations

Branches:
Dungeon (4/15)             Temple (1/1) D:4

Altars:
Ashenzari
Dithmenos
Elyvilon
Fedhas
Nemelex Xobeh
Okawaru
Qazlal
Sif Muna
Trog
Zin

Annotations:
D:1 exclusion: 3 downstairs
D:2 Sigmund
D:3 Terence


Innate Abilities, Weirdness & Mutations

You cannot wear most types of armour.
You are amphibious.
You can wear up to eight rings at the same time.
Your skin changes colour to match your surroundings (Stealth+).
Your rubbery body absorbs attacks. (AC +1, EV +1)
((You are camouflaged when in or above water. (Stealth+)))
You have tentacles for arms and can constrict up to eight enemies at once.


Message History

Found a scroll labelled GIWUEQE MIHAR.
The ball python hisses angrily.
Terence the Incautious comes into view.
He is wielding a +4 hand axe of electrocution and carrying a wand of digging (6).
Terence shouts!
You hit the hobgoblin but do no damage. Your grab misses the hobgoblin.
The hobgoblin misses you.
The blast of sand misses the hobgoblin.
The hobgoblin closely misses you. The ball python barely misses you.
The ball python closely misses you.
You hit the hobgoblin but do no damage. You grab the hobgoblin.
You constrict the hobgoblin. The ball python bites you.
The ball python barely misses you. The hobgoblin hits you.
The ball python bites you but does no damage.
The ball python closely misses you.
The blast of sand hits the hobgoblin!
You kill the hobgoblin!
Sif Muna accepts your kill.
The ball python flies into a frenzy!
The ball python bites you. The ball python grabs you.
The ball python constricts you.
The blast of sand hits the ball python!
You kill the ball python!
Sif Muna accepts your kill.
Terence flies into a frenzy!
Terence shouts!
Casting: Sandblast (safe; 1% risk of failure)
Confirm with . or Enter, or press ? or * to list all spells.
The spell is extremely dangerous to miscast (28% risk of failure)!
Continue anyway?
Aiming: Petrify (extremely dangerous; 28% risk of failure)
Press: ? - help, Shift-Dir - straight line, f - Terence
Aim: Terence, wielding a +4 hand axe of electrocution, wearing a +0 scale mail and carrying a wand of digging (6) (fast, strong, frenzied and insane, chance to affect: 60%)
Okay, then.
Unknown command.
Terence shouts!
Terence barely misses you.
Terence hits you with a +4 hand axe of electrocution!
Terence shouts!
There is a stone staircase leading down here.
Terence hits you with a +4 hand axe of electrocution!
* * * LOW HITPOINT WARNING * * *
Terence hits you with a +4 hand axe of electrocution!
You die...

..?.......#
......†...#
..........#
..####.#..#
...#..#
#.#####.# #
#.# #@# #@#
###


You could see the neutral Terence (fast, strong, insane).

Vanquished Creatures
  An ogre (D:4)
  A wyvern zombie (D:4)
  A water moccasin skeleton (D:4)
  A hound (D:4)
  An iguana (D:4)
  3 worms
  3 dart slugs
  3 bats (D:2)
  5 endoplasms
  A giant cockroach (D:1)
  6 goblins
  4 hobgoblins
  2 jackals (D:2)
  3 kobolds (D:1)
  A quokka (D:2)
  4 ball pythons
  2 rats (D:2)
42 creatures vanquished.

Notes
Turn   | Place    | Note
-------+----------+-------------------------------------------
     0 | D:1      | Atelerd the Octopode Earth Elementalist began the quest for
                  | the Orb.
     0 | D:1      | Reached XP level 1. HP: 11/11 MP: 3/3
   459 | D:1      | Reached XP level 2. HP: 17/17 MP: 1/5
   768 | D:1      | Found a faded altar of an unknown god.
  1528 | D:2      | Noticed Sigmund
  2697 | D:2      | Reached XP level 3. HP: 17/21 MP: 4/6
  3289 | D:2      | You fall into a shaft and drop 2 floors!
  3403 | D:4      | Reached XP level 4. HP: 20/27 MP: 4/8
  3499 | D:4      | Reached skill level 4 in Earth Magic
  3499 | D:4      | Reached XP level 5. HP: 19/31 MP: 4/9
  3616 | D:4      | Learned a level 3 spell: Stone Arrow
  3779 | D:4      | Learned a level 4 spell: Petrify
  3850 | D:4      | Found a staircase to the Ecumenical Temple.
  3985 | Temple   | Entered the Ecumenical Temple
  4058 | Temple   | Became a worshipper of Sif Muna the Loreminder
  4356 | D:4      | Noticed an ogre
  4372 | D:4      | Killed an ogre
  4373 | D:4      | Reached XP level 6. HP: 36/36 MP: 0/11
  4473 | D:3      | Noticed Terence
  4485 | D:3      | Mangled by Terence

Illustrated notes

Levels and vault maps discovered:
D:1:      scummos_arrival_checkerplants, layout_basic,
          chequers_ecumenical_altar_lobes, st_stairs_4,
          minmay_misc_feat_secret_circle, chequers_arboretum
D:2:      layout_rooms, uniq_sigmund
D:3:      layout_basic, chequers_temple_overflow_minitemple,
          due_unseen_surprise, uniq_terence
D:4:      layout_basic, minmay_temple_entry_antechambers
Temple:   eino_temple_lava

Skill      XL: |  1  2  3  4  5 |
---------------+----------------+-----
Transmutations | 2 3 |  3.0
Spellcasting   | 3 |  3.7
Earth Magic    | 4 |  4.7
Stealth        | 3 |  3.8
Dodging        | |  2.0

Action                   |  1- 3 |  4- 6 || total
-------------------------+-------+-------++-------
Melee: Unarmed           |    17 |       ||    17
       Constrict         |     7 |     4 ||    11
       Tentacles         |     7 |     8 ||    15
       Punch             |     3 |       ||     3
       Dagger            |    20 |    31 ||    51
 Cast: Sandblast         |    46 |     7 ||    53
       Stone Arrow       |       |     4 ||     4
       Petrify           |       |     4 ||     4
 Stab: Sleeping          |     5 |     1 ||     6
       Distracted        |     1 |       ||     1
       Petrified         |       |    12 ||    12
Armor: Skin              |     8 |     2 ||    10
Dodge: Dodged            |    54 |    19 ||    73
